 Dungeon Crawl Stone Soup version 0.19-a0-49-gb8736b8 (webtiles) character file.

23194 M4edhros the Grappler (level 12, -8/122 HPs)
             Began as a Troll Monk on May 6, 2016.
             Engulfed by a cloud of freezing vapour (33 damage)
             ... in an ice cave.
             The game lasted 00:28:18 (4195 turns).

M4edhros the Grappler (Troll Monk)                  Turns: 4195, Time: 00:28:19

Health: -8/122     AC: 13    Str: 22    XL:     12   Next: 69%
Magic:  13/13      EV: 21    Int:  6    God:
Gold:   566        SH:  0    Dex: 16    Spells: 0 memorised, 11 levels left

rFire  . . .     SeeInvis .     b - 5 bread rations
rCold  . . .     Gourm    +     D - +2 robe of Vlad {rN+}
rNeg   + . .     Faith    .     (no shield)
rPois  .         Spirit   .     (helmet restricted)
rElec  .         Dismiss  .     (no cloak)
rCorr  .         Reflect  .     (gloves unavailable)
SustAt .         Harm     .     (boots unavailable)
MR     .....                    (no amulet)
Stlth  ++........               (no ring)
                                F - +4 ring of evasion

@: not resistant to hostile enchantments, unstealthy
A: unfitting armour, antennae 1, claws 3, iridescent scales 1, molten scales 1,
blurry vision 1, deterioration 2, fast metabolism 3, gourmand, regeneration 2,
shaggy fur 2, tough skin 2
a: no special abilities


You were in an ice cave.
You were full.

You visited 2 branches of the dungeon, and saw 15 of its levels.
You also visited: Ice Cave and Volcano.

You collected 566 gold pieces.

Inventory:

Hand Weapons
 C - the +11 morningstar "Eos" {elec, -Tele rElec SInv}
   (You found it on level 6 of the Lair of Beasts)

   Occasionally, upon striking a foe, it will discharge some electrical energy
   and cause terrible harm.
   It insulates you from electricity.
   It lets you see invisible.
   It prevents most forms of teleportation.
Missiles
 d - a throwing net (quivered)
Armour
 a - a +1 robe
 D - the +2 robe of Vlad (worn) {rN+}
   (You found it on level 6 of the Lair of Beasts)

   It protects you from negative energy.
Jewellery
 F - a +4 ring of evasion (left claw)
Wands
 e - a wand of acid (4/15)
 f - a wand of lightning (5/15)
 g - a wand of lightning (2/15)
 u - a wand of random effects (23/48)
 v - a wand of confusion (27/48)
 w - a wand of flame (37/48)
 H - a wand of enslavement (15/24)
Scrolls
 c - 3 scrolls of enchant armour
 h - a scroll of recharging {unknown}
 i - a scroll of noise
 m - 4 scrolls of remove curse
 n - a scroll of teleportation
 q - a scroll of magic mapping
 r - a scroll of enchant weapon {unknown}
 t - a scroll of immolation {unknown}
 y - a scroll of fog {unknown}
 z - a scroll of blinking {unknown}
 A - 2 scrolls of vulnerability {unknown}
 B - a scroll of holy word {unknown}
Potions
 j - a potion of resistance
 s - a potion of agility
 x - a potion of berserk rage
 E - a potion of invisibility {unknown}
 G - a potion of curing {unknown}
 J - a potion of brilliance {unknown}
Books
 k - a book of Enchantments

   Spells                             Type                      Level
   a - Cause Fear                     Hexes                        4
   b - Yara's Violent Unravelling     Hexes/Transmutation          5
   c - Silence                        Hexes/Air                    5
   d - Deflect Missiles               Charms/Air                   6
   e - Haste                          Charms                       6
   f - Discord                        Hexes                        8
Comestibles
 b - 5 bread rations (in claw)
 l - 12 fruits
 o - 6 slices of pizza
 p - 4 meat rations


   Skills:
 + Level 8.6 Fighting
 * Level 11.8 Dodging
 - Level 1.1 Stealth
 + Level 13.0 Unarmed Combat
 + Level 3.0 Evocations


You had 11 spell levels left.
You didn't know any spells.

Dungeon Overview and Level Annotations

Branches:
Dungeon (11/15)              Lair (7/8) D:10
 Temple: D:4-7        Swamp: Lair:3-6    Shoals: Lair:3-6     Snake: Lair:3-6
 Spider: Lair:3-6     Slime: Lair:6-8       Orc: D:9-12

Altars:

Annotations:
Lair:1 Gastronok IceCv exclusion: ice statue


Innate Abilities, Weirdness & Mutations

You are too large for most types of armour.
You have claws for hands.
Your metabolism is lightning-fast.
You like to eat raw meat.
You heal very quickly.
You are covered in thick fur (AC +2).
You have very tough skin (AC +2).
You have a pair of small antennae on your head.
You are partially covered in iridescent scales (AC +4).
You are partially covered in molten scales (AC +1).
Scrolls take you a little longer to read.
Your body often deteriorates upon taking damage.


Message History

Wield which item (- for none, * to show all)? (? for menu, Esc to quit)
b - 5 bread rations (in claw)
You swing at nothing.
You swing at nothing.
You swing at nothing.
You swing at nothing.
You swing at nothing.
You swing at nothing.
You swing at nothing.
You swing at nothing.
You swing at nothing.
You swing at nothing.
You swing at nothing.
You swing at nothing.
You swing at nothing.
You swing at nothing.
You swing at nothing.
You are engulfed in freezing vapours.
* * * LOW HITPOINT WARNING * * *
You swing at nothing.
You are engulfed in freezing vapours.
You die...

.. 8. .# ..# ###### #§.#
###....### §§# ###..###...# # .##
#...## ###.# # # ##.###..#
#...###### .##≈≈≈## #....##
#...(@§..# .##≈≈≈≈≈≈ ####..###
##...⌠§§§###..#≈≈≈≈≈≈≈ †....##≈#
##.[§§§##..# #≈≈≈≈≈≈≈
#.#.##≈≈##########§§§### #≈≈≈≈≈≈≈
###≈≈≈≈≈##...######### #≈≈≈≈≈≈
###≈≈≈≈###..#...##≈≈### ##≈≈≈#≈
#..##.##...####..†###.#####≈≈≈###
.#.#.#....## ###†.†..#.##≈≈##..#
.##.#....## ###.†..#.≈######.


There were no monsters in sight!

Vanquished Creatures
  An ice dragon (Lair:7)
  A hydra (D:9)
  Erica (Lair:1)
  A death yak (IceCv)
  A hill giant (D:10)
  A lindwurm (Lair:7)
  An ugly thing (Volcano)
  7 elephants
  2 toenail golems (Volcano)
  4 spiny frogs
  2 molten gargoyles (Volcano)
  A komodo dragon (Lair:6)
  An efreet (Volcano)
  The ghost of M4edhros the Ruffian, an amateur TrMo of Qazlal (D:8)
  The ghost of Mefis the Magician, a novice DEWz (D:6)
  12 polar bears
  7 blink frogs (Lair:5)
  2 two-headed ogres
  28 yaks
  A fire elemental (Volcano)
  A fire bat (Volcano)
  3 hippogriffs
  4 water moccasins
  A sky beast (D:7)
  6 porcupines
  2 ice beasts
  An orc warrior (D:10)
  A phantom (D:6)
  A necrophage (D:7)
  An ogre (D:6)
  A black bear (D:9)
  16 wolves
  4 centaurs
  3 crocodiles
  3 big kobolds (D:9)
  3 giant frogs
  An earth elemental (Volcano)
  3 scorpions
  A howler monkey (D:6)
  A wight (D:7)
  A lava snake (Volcano)
  A centaur zombie (D:9)
  2 quasits (D:10)
  A hound (D:9)
  2 jellies
  A giant frog skeleton (D:8)
  2 iguanas
  An orc wizard (D:10)
  2 worker ants
  8 sheep
  A hound zombie (D:7)
  A mummy (D:7)
  A worker ant zombie (D:7)
  13 river rats
  4 adders
  A worm (D:2)
  A giant gecko (D:2)
  8 orcs
  4 bats (D:10)
  3 giant cockroaches
  3 goblins (D:2)
  2 hobgoblins
  A jackal (D:7)
  A kobold (D:2)
  3 quokkas
  A giant newt (D:1)
  9 rats
211 creatures vanquished.

Vanquished Creatures (collateral kills)
  A plant (Lair:7)
1 creature vanquished.

Vanquished Creatures (others)
  A polar bear (IceCv)
  2 yaks (IceCv)
  3 wolves (IceCv)
  A bush (Lair:5)
  3 fungi
10 creatures vanquished.

Grand Total: 222 creatures vanquished

Notes
Turn   | Place    | Note
--------------------------------------------------------------
     0 | D:1      | M4edhros the Troll Monk began the quest for the Orb.
     0 | D:1      | Reached XP level 1. HP: 22/22 MP: 0/0
   143 | D:2      | Reached XP level 2. HP: 29/29 MP: 1/1
   241 | D:3      | You fall through a shaft for 3 floors!
   250 | D:6      | Found Dohonta's General Store.
   272 | D:6      | Noticed a phantom
   321 | D:6      | Reached skill level 5 in Unarmed Combat
   321 | D:6      | Reached XP level 3. HP: 19/36 MP: 2/2
   352 | D:6      | Killed a phantom
   352 | D:6      | Reached skill level 6 in Unarmed Combat
   352 | D:6      | Reached XP level 4. HP: 30/44 MP: 3/3
   353 | D:6      | Noticed Mefis's ghost (novice DEWz)
   365 | D:6      | Noticed an ogre
   365 | D:6      | Killed Mefis's ghost
   365 | D:6      | Reached skill level 7 in Unarmed Combat
   365 | D:6      | Reached XP level 5. HP: 50/50 MP: 4/4
   365 | D:6      | Reached XP level 6. HP: 59/59 MP: 5/5
   372 | D:6      | Reached skill level 8 in Unarmed Combat
   388 | D:6      | Reached XP level 7. HP: 35/66 MP: 6/6
   485 | D:7      | Reached skill level 9 in Unarmed Combat
   589 | D:7      | Gained mutation: You have a pair of small antennae on your head. [mutagenic meat]
   590 | D:7      | Gained mutation: You are partially covered in molten scales (AC +1). [mutagenic meat]
   591 | D:7      | Gained mutation: You are covered in thick fur (AC +2). [mutagenic meat]
   592 | D:7      | Gained mutation: Your body sometimes deteriorates upon taking damage. [mutagenic meat]
   593 | D:7      | Gained mutation: Scrolls take you a little longer to read. [mutagenic meat]
   594 | D:7      | Gained mutation: You are partially covered in iridescent scales (AC +4). [mutagenic meat]
   595 | D:7      | nice, got 6 ac from muts
   595 | D:7      | now, which got to take.....
   595 | D:7      | trog?
   595 | D:7      | or jiyva
   657 | D:7      | Reached XP level 8. HP: 62/74 MP: 7/7
   666 | D:8      | Noticed a two-headed ogre
   669 | D:8      | Killed a two-headed ogre
   733 | D:8      | Noticed M4edhros's ghost (amateur TrMo)
   768 | D:8      | Killed M4edhros's ghost
   768 | D:8      | Reached skill level 10 in Unarmed Combat
   797 | D:8      | Reached skill level 5 in Dodging
   857 | D:8      | hard decision, what to do... got nice turncount, but got no god... i could go jiyva but it wont be
   857 | D:8      | good for speedrunning....
   857 | D:8      | or maybe?
   857 | D:8      | i would get free rune
   857 | D:8      | then only abyss and shoals/spiders/snake
   857 | D:8      | i go for jiyva
   886 | D:9      | Noticed a two-headed ogre
   891 | D:9      | Killed a two-headed ogre
   891 | D:9      | Reached XP level 9. HP: 78/84 MP: 8/8
   901 | D:10     | Entered Level 10 of the Dungeon
  1118 | D:9      | Noticed a two-headed hydra
  1128 | D:9      | Killed a three-headed hydra
  1128 | D:9      | Reached skill level 5 in Fighting
  1238 | D:10     | Noticed a hill giant
  1249 | D:10     | Killed a hill giant
  1249 | D:10     | Reached skill level 11 in Unarmed Combat
  1249 | D:10     | Reached XP level 10. HP: 53/96 MP: 9/9
  1356 | D:10     | Found a staircase to the Lair.
  1389 | Lair:1   | Entered Level 1 of the Lair of Beasts
  1472 | Lair:1   | Noticed Erica
  1492 | Lair:1   | Killed Erica
  1526 | Lair:1   | Noticed a spiny frog
  1537 | Lair:1   | Killed a spiny frog
  1585 | Lair:1   | Noticed a spiny frog
  1605 | Lair:1   | Killed a spiny frog
  1626 | Lair:1   | Found a dark tunnel.
  1640 | Volcano  | Entered a volcano
  1765 | Volcano  | Found a radiant altar of Vehumet.
  1765 | Volcano  | Noticed a toenail golem
  1765 | Volcano  | Noticed a red ugly thing
  1772 | Volcano  | Noticed a toenail golem
  1772 | Volcano  | Killed a toenail golem
  1783 | Volcano  | Killed a red ugly thing
  1789 | Volcano  | Killed a toenail golem
  1804 | Volcano  | lucky ligni lol
  1811 | Volcano  | Gained mutation: Your body often deteriorates upon taking damage. [mutagenic meat]
  1827 | Volcano  | Noticed a molten gargoyle
  1833 | Volcano  | Killed a molten gargoyle
  1833 | Volcano  | Reached XP level 11. HP: 74/107 MP: 10/10
  1976 | Lair:1   | got agi, resist potions
  1995 | Lair:1   | Noticed Gastronok
  2000 | Lair:1   | niceeeee, hat of pondering....
  2000 | Lair:1   | so maybe chei ...
  2055 | Lair:2   | You fall through a shaft for 2 floors!
  2238 | Lair:5   | Reached skill level 12 in Unarmed Combat
  2263 | Lair:5   | Reached skill level 10 in Dodging
  2834 | Lair:6   | longest level, around 500 turns wasted
  2855 | Lair:6   | eos, nice
  2872 | Lair:6   | Got a heavily jewelled robe
  2883 | Lair:6   | Identified the +2 robe of Vlad {rN+} (You found it on level 6 of the Lair of Beasts)
  2883 | Lair:6   | got robe of Vlad, 2ac rn
  2883 | Lair:6   | should i do extended? xd
  3009 | Lair:7   | 4ev ring lol
  3031 | Lair:7   | i could win this game with cheibriados...
  3136 | Lair:7   | Reached XP level 12. HP: 109/119 MP: 11/11
  3515 | Lair:7   | Found a frozen archway.
  3516 | Lair:7   | Noticed an ice dragon
  3523 | Lair:7   | Reached skill level 1 in Evocations
  3562 | Lair:7   | Killed an ice dragon
  3624 | IceCv    | Entered an ice cave
  3855 | IceCv    | Noticed a death yak
  3875 | IceCv    | Killed a death yak
  4061 | IceCv    | Reached skill level 13 in Unarmed Combat
  4195 | IceCv    | Engulfed by a cloud of freezing vapour

Vault maps used:
D:1:      sevenhm_arrival_forest_fort_large_4
D:2:      minmay_splitting_lines
D:3:      first_bread
D:6:      serial_shops, nicolae_shop_window_shopping, uniq_edmund
D:7:      serial_undead, serial_undead_f, serial_undead_d, serial_undead_d,
          serial_undead_a, uniq_joseph, uniq_menkaure
D:8:      minitemple
D:9:      kennysheep_orc_monster_closet_entryway, hangedman_ranch, uniq_maurice
D:10:     grunt_lair_entry_orc_guard_hut, serial_shops, shop_fountains
D:11:     lemuel_castle_with_subvaults, kennysheep_decorative_pillar,
          uniq_erolcha, uniq_fannar
Lair:1:   nicolae_volcano_entry_lava_flow, patterned_corridor,
          grunt_megastairs_1, uniq_erica, uniq_gastronok
Lair:2:   bh_autumn_forest_stairs, uniq_nergalle, uniq_sonja
Lair:4:   kennysheep_abandoned_house, dummy_snake_entry, grunt_megastairs_2
Lair:5:   dragon1_lemuel
Lair:6:   grunt_megastairs_4
Lair:7:   portal_ice_cave_entry_animals_and_master
IceCv:    ice_cave_caverns_02
Volcano:  volcano_lake

Skill      XL: |  1  2  3  4  5  6  7  8  9 10 11 12 |
---------------+-------------------------------------+-----
Unarmed Combat | 5 6 7 8 9 10 11 12 13 | 13.0
Dodging        | 3 5 7 9 10 11 | 11.8
Fighting       | 4 5 6 7 8 |  8.6
Evocations     | 3 |  3.0
Stealth        | |  1.1

Action                   |  1- 3 |  4- 6 |  7- 9 | 10-12 || total
-------------------------+-------+-------+-------+-------++-------
Melee: Unarmed           |    42 |    15 |   186 |   606 ||   849
       Punch             |     2 |       |    12 |    52 ||    66
Evoke: Wand              |       |     1 |     5 |       ||     6
  Use: Potion            |     1 |     1 |     1 |     6 ||     9
       Scroll            |       |     1 |     3 |     9 ||    13
 Stab: Sleeping          |       |       |     1 |     2 ||     3
  Eat: Chunk             |       |       |    22 |    28 ||    50
Armor: Robe              |     6 |     4 |    69 |   128 ||   207
       Skin              |       |       |       |    15 ||    15
Dodge: Dodged            |    12 |     5 |   103 |   423 ||   543
